 Dungeon Crawl Stone Soup version 5.5-119-g78d285b (webtiles) character file.

0 Hausser the Skirmisher (level 5, 0/42 HPs) *CASUAL*
             Began as a Mountain Dwarf Fighter on June 6, 2018.
             Slain by a scorpion (5 damage)
             ... on level 3 of the Dungeon.
             The game lasted 00:03:55 (1846 turns).

Hausser the Skirmisher (Mountain Dwarf Fighter)     Turns: 1846, Time: 00:03:56

Health: 0/42       AC:  7 (28%)Str: 20  XL:     5   Next: 59%
Magic:  7/7        EV:  9    Int:  8    God:
Gold:   141        SH:  9    Dex: 10    Spells: 8/8 levels left

rFire    + . .     SeeInvis .   a - +0 war axe
rCold    . . .     Faith    .   c - +0 shield
rNeg     . . .     Spirit   .   b - +0 scale mail
rPois    .         Reflect  .   (no helmet)
rElec    .                      (no cloak)
rCorr    .                      (no gloves)
MR       .....                  (no boots)
Stlth    ..........             (no amulet)
Regen    0.2/turn               k - ring of fire
MPRegen  0.2/turn               (no ring)

@: lethally poisoned (0 -> -9)
A: sturdy frame
a: no special abilities


You were on level 3 of the Dungeon.
You were not hungry.

You visited 1 branch of the dungeon, and saw 3 of its levels.

You collected 141 gold pieces.

Inventory:

Hand Weapons
 a - a +0 war axe (weapon)
Armour
 b - a +0 scale mail (worn)
 c - a +0 shield (worn)
Jewellery
 k - a ring of fire (left hand)
Scrolls
 e - a scroll of amnesia
 g - a scroll of fog
 h - 2 scrolls of enchant armour
Potions
 d - a potion of augmentation
 f - 2 potions of heal wounds
 i - 2 potions of flight
 j - a potion of invisibility


   Skills:
 + Level 4.2 Fighting
 + Level 3.7 Axes
 * Level 1.3 Throwing
 + Level 3.8 Armour
 * Level 1.3 Dodging
 - Level 0.1 Stealth
 + Level 4.2 Shields
 * Level 1.6 Evocations


You had 8 spell levels left.
You didn't know any spells.
Your spell library was empty.

Dungeon Overview and Level Annotations

Branches:
Dungeon (3/15)

Altars:
Cheibriados
Vehumet
Xom
The Shining One


Innate Abilities, Weirdness & Mutations

Your movements are less encumbered by armour. (ER -6)


Message History

You barely miss the orc. The orc hits you but does no damage.
You slash the orc (14)!
You kill the orc!
You block the scorpion's attack.
You closely miss the scorpion. The scorpion completely misses you.
You barely miss the scorpion.
The scorpion stings you but does no damage.
You hit the scorpion but do no damage. You block the scorpion's attack.
The scorpion closely misses you.
You slash the scorpion (12)!
The scorpion is severely wounded.
The scorpion stings you (6).
* * * LOW HITPOINT WARNING * * *
You are poisoned.
The scorpion poisons you!
You completely miss the scorpion.
The scorpion is severely wounded.
You feel very sick. The scorpion closely misses you.
The scorpion stings you (5).
You die...

......# ......#
......# ###
......### #.#
........#####
#.#
......#.....##
#.#
...._.#####..###
#.# ###...#
##...###.##
##..# ###..@s..#
#.## #####..###
#.# #)....# #.#
..>..r......#
.......[.......
...............
........$......
...[...........
...............


You could see a scorpion.

Vanquished Creatures
  4 adders
  3 dart slugs
  An orc (D:3)
  3 quokkas
  9 bats
  3 giant cockroaches
  4 goblins
  3 hobgoblins (D:2)
  4 jackals (D:2)
  5 kobolds
  3 frilled lizards
  A rat (D:1)
43 creatures vanquished.

Notes
Turn   | Place    | Note
-------+----------+-------------------------------------------
     0 | D:1      | Hausser the Mountain Dwarf Fighter began the quest for the Orb.
     0 | D:1      | Reached XP level 1. HP: 18/18 MP: 2/2
   175 | D:1      | Reached XP level 2. HP: 25/25 MP: 3/3
   344 | D:1      | Reached XP level 3. HP: 30/30 MP: 4/4
   552 | D:1      | Reached skill level 1 in Evocations
   776 | D:1      | Reached skill level 1 in Throwing
   847 | D:2      | Found a radiant altar of Vehumet.
  1032 | D:2      | Reached XP level 4. HP: 37/37 MP: 6/6
  1295 | D:2      | Found a shimmering altar of Xom.
  1342 | D:2      | Reached skill level 1 in Dodging
  1421 | D:2      | Reached XP level 5. HP: 38/42 MP: 7/7
  1433 | D:2      | Found a glowing golden altar of the Shining One.
  1803 | D:3      | Found a snail-covered altar of Cheibriados.
  1846 | D:3      | Slain by a scorpion

Skill      XL: |  1  2  3  4 |
---------------+-------------+-----
Evocations     | 1 |  1.6
Throwing       | 1 |  1.3
Axes           | 3 |  3.7
Fighting       | 4 |  4.2
Dodging        | 1 |  1.3
Shields        | 4 |  4.2
Armour         | |  3.8
Stealth        | |  0.1

Action                   |  1- 3 |  4- 6 || total
-------------------------+-------+-------++-------
Melee: War axe           |    59 |    79 ||   138
Armor: Scale mail        |    19 |    40 ||    59
Dodge: Dodged            |    24 |    36 ||    60
Block: Shield            |    30 |    54 ||    84
